 Dungeon Crawl Stone Soup version 0.27.1-4-g1640c2035a (webtiles) character file.

Game seed: 8147809967633612385

2958 MisterFreud the Carver (level 9, 0/74 (81) HPs)
             Began as a Minotaur Abyssal Knight on Nov 6, 2021.
             Was a High Priest of Lugonu.
             Slain by a wight (14 damage)
             ... on level 9 of the Dungeon.
             The game lasted 00:08:22 (6554 turns).

MisterFreud the Carver (Minotaur Abyssal Knight)    Turns: 6554, Time: 00:08:24

HP:   0/74 (81)     AC:  6    Str: 19    XL:     9   Next: 52%
MP:   9/9           EV: 11    Int:  9    God:    Lugonu [*****.]
Gold: 307           SH:  0    Dex: 11    Spells: 8/8 levels left

rFire    . . .     SeeInvis .   p - +0 great sword (vorpal)
rCold    . . .     Faith    .   (shield currently unavailable)
rNeg     . . .     Spirit   .   i - +0 ring mail
rPois    .         Reflect  .   (helmet restricted)
rElec    .         Harm     .   o - scarf {shadows}
rCorr    .         Rampage  .   (no gloves)
Will     .....                  (no boots)
Stlth    +.........             C - amulet of regeneration
HPRegen  1.22/turn              (no ring)
MPRegen  0.11/turn              (no ring)

@: lethally poisoned (0 -> 0), drained
A: horns 2, retaliatory headbutt
a: Renounce Religion, Depart the Abyss, Bend Space, Banish, Corrupt, Enter the
Abyss


You were on level 9 of the Dungeon.
You worshipped Lugonu.
Lugonu was extremely pleased with you.
You visited 1 branch of the dungeon, and saw 9 of its levels.
You visited the Abyss 1 time.

You collected 307 gold pieces.

Inventory:

Hand Weapons
 a - a +1 falchion
 p - a +0 vorpal great sword (weapon)
 u - a +1 trident of venom
 D - a +2 falchion of holy wrath
Missiles
 m - 32 poisoned darts
 v - 2 boomerangs
Armour
 b - a +0 leather armour
 i - a +0 ring mail (worn)
 o - a scarf of shadows (worn)
Jewellery
 g - an amulet of reflection
 r - a ring of fire
 C - an amulet of regeneration (around neck)
Wands
 F - a wand of digging (6)
Scrolls
 d - a scroll of enchant armour {unknown}
 h - 5 scrolls of identify
 j - a scroll of amnesia {unknown}
 q - a scroll of brand weapon {unknown}
 s - 2 scrolls of acquirement {unknown}
 t - a scroll of magic mapping {unknown}
 w - a scroll of blinking {unknown}
 x - a scroll of holy word {unknown}
 y - 3 scrolls of teleportation {unknown}
 A - a scroll of enchant weapon {unknown}
 E - a scroll of fear {unknown}
Potions
 c - 4 potions of curing {unknown}
 e - 4 potions of heal wounds
 f - 5 potions of mutation {unknown}
 k - 3 potions of brilliance {unknown}
 l - 2 potions of attraction {unknown}
 n - 2 potions of invisibility {unknown}
 z - a potion of ambrosia {unknown}
 B - 2 potions of degeneration {unknown}


   Skills:
 - Level 8.0 Fighting
 + Level 12.1 Long Blades
 + Level 7.7 Armour
 - Level 1.1 Dodging
 - Level 1.7 Invocations


You had 8 spell levels left.
You didn't know any spells.
Your spell library contained the following spells:

 Spells                   Type           Power      Damage    Failure   Level
 Blink                    Tloc           N/A        N/A       67%         2
 Corpse Rot               Necr/Air       N/A        N/A       67%         2
 Ensorcelled Hibernation  Hex/Ice        0%         N/A       67%         2
 Poisonous Vapours        Pois/Air       0%         N/A       67%         2
 Lesser Beckoning         Tloc           0%         N/A       88%         3
 Spider Form              Tmut/Pois      0%         N/A       88%         3
 Freezing Cloud           Conj/Ice/Air   0%         6-21      100%        5
 Manifold Assault         Tloc           0%         N/A       100%        5
 Shadow Creatures         Summ           N/A        N/A       100%        6


Dungeon Overview and Level Annotations

Branches:
Dungeon (9/15)
 Temple: D:4-7         Lair: D:8-11         Orc: D:9-12

Altars:

Shops:
D:2 =


Innate Abilities, Weirdness & Mutations

You have a pair of horns on your head.
You reflexively headbutt those who attack you in melee.


Message History

Unknown command.
As you read the scroll labelled OVAITWOMMUAC, it crumbles to dust.
It is a scroll of identify.
e - 5 potions of heal wounds The killer bee buzzes angrily.
The wight hits you from afar with a +5 trident!
* * * LOW HITPOINT WARNING * * *
You feel drained.
* * * LOW HITPOINT WARNING * * *
The wight completely misses you.
Okay, then.
Okay, then.
Unknown command.
You feel much better.
The wight hits you from afar with a +5 trident.
You feel drained. The wight completely misses you.
You riposte.
You barely miss the wight.
You headbutt the wight, but do no damage.
The wight is heavily damaged.
You open the door. 2 wights come into view.
The wight hits you with a +0 great sword!
The killer bee stings you.
You are poisoned.
The killer bee poisons you!
The wight moves out of view.
You hit the wight but do no damage.
You feel very sick.
The killer bee stings you but does no damage.
The wight barely misses you. You furiously retaliate!
You headbutt the wight, but do no damage.
The killer bee stings you but does no damage.
The wight hits you with a +2 battleaxe!
* * * LOW HITPOINT WARNING * * *
A wight comes into view. It is wielding a +3 great sword.
Found a whip.
You feel sick. The killer bee barely misses you. You furiously retaliate!
You headbutt the killer bee.
You riposte.
You barely miss the killer bee.
The killer bee is lightly wounded.
The wight hits you from afar with a +5 trident!
You die...

...######)#.....
#..#### #.........#
........#....)....#
......).#.........#
.....z #..K......#
..z. #.).......#
#+####'###.........#
......zz.K.####......
......@yzK.# ......
...........# .....
...........# ....
...........#
...........#
...........###
+######......#
#......# #......#


You could see a killer bee, 5 wights and 2 kobolds.

Vanquished Creatures
  Eustachio (D:6)
  A steam dragon (D:8)
  2 orc warriors
  An ice beast (D:6)
  A sky beast (D:5)
  3 ogres
  A necrophage (D:4)
  5 centaurs
  A phantom (D:7)
  2 kobold brigands
  3 bullfrogs
  3 scorpions
  2 killer bees (D:9)
  3 wights (D:9)
  A bullfrog zombie (D:6)
  A centaur zombie (D:6)
  2 hounds
  3 jellies
  An orc priest (D:6)
  A bullfrog skeleton (D:5)
  A gnoll shaman (D:5)
  6 orc wizards
  A scorpion zombie (D:5)
  A hound zombie (D:5)
  A howler monkey zombie (D:4)
  Robin (D:4)
  11 gnolls
  3 adders (D:5)
  A shadow imp (D:7)
  2 white imps (D:6)
  An ufetubus (D:5)
  An adder skeleton (D:4)
  A worm (D:3)
  2 dart slugs (D:1)
  25 orcs
  11 endoplasms
  5 giant cockroaches
  4 hobgoblins
  5 jackals
  10 kobolds
  2 quokkas
  2 ball pythons (D:1)
  6 bats
  2 frilled lizards (D:1)
  18 goblins
  3 rats
164 creatures vanquished.

Notes
Turn   | Place    | Note
-------+----------+-------------------------------------------
     0 | Abyss:1  | MisterFreud the Minotaur Abyssal Knight began the quest for
                  | the Orb.
     0 | Abyss:1  | Reached XP level 1. HP: 19/19 MP: 1/1
     9 | D:1      | Escaped the Abyss
   276 | D:1      | Reached XP level 2. HP: 27/28 MP: 2/2
   451 | D:1      | Reached skill level 5 in Fighting
   652 | D:1      | Reached ** piety under Lugonu
   653 | D:1      | Reached XP level 3. HP: 36/36 MP: 3/3
  1247 | D:2      | Found Qaejyxt's Jewellery Shop.
  1302 | D:2      | Found a faded altar of an unknown god.
  2105 | D:3      | Reached XP level 4. HP: 41/44 MP: 4/4
  2586 | D:4      | Noticed Robin
  2595 | D:5      | Entered Level 5 of the Dungeon
  2759 | D:4      | Reached *** piety under Lugonu
  2775 | D:4      | Killed Robin
  2884 | D:4      | Reached XP level 5. HP: 51/51 MP: 5/5
  3510 | D:4      | Noticed an ogre
  3518 | D:4      | Killed an ogre
  3519 | D:4      | Reached skill level 4 in Long Blades
  3519 | D:4      | Reached XP level 6. HP: 23/61 MP: 6/6
  3774 | D:4      | Reached skill level 5 in Long Blades
  4284 | D:5      | Reached XP level 7. HP: 68/68 MP: 7/7
  4362 | D:5      | Reached skill level 6 in Long Blades
  4694 | D:5      | Reached skill level 7 in Long Blades
  4962 | D:5      | Reached skill level 8 in Long Blades
  5199 | D:5      | Reached **** piety under Lugonu
  5280 | D:6      | Noticed Eustachio
  5385 | D:6      | Killed Eustachio
  5386 | D:6      | Reached skill level 9 in Long Blades
  5386 | D:6      | Reached XP level 8. HP: 26/74 MP: 8/8
  5627 | D:6      | Reached skill level 10 in Long Blades
  6158 | D:7      | Reached skill level 5 in Armour
  6163 | D:7      | Reached skill level 11 in Long Blades
  6220 | D:7      | Reached XP level 9. HP: 60/81 MP: 9/9
  6441 | D:8      | Noticed a two-headed ogre
  6528 | D:9      | Reached skill level 12 in Long Blades
  6537 | D:9      | Reached ***** piety under Lugonu
  6554 | D:9      | Slain by a wight

Illustrated notes

Levels and vault maps discovered:
D:1:      giann_wishing_wells, layout_basic, minmay_distorted
D:2:      layout_rooms, ebering_ecumenical_altar_abandoned, serial_shops, shop
D:3:      layout_basic
D:4:      layout_gridville, uniq_robin
D:5:      layout_loops_ring, minmay_parallelograms
D:6:      layout_rooms, minivault_24, corexii_checkpoint_b, minmay_checkerbox,
          uniq_eustachio
D:7:      hangedman_cross_stitches, layout_rooms, temple_green, uniq_pikel
D:8:      layout_rooms, lair_entry_dummy
D:9:      layout_gridville, lightli_temple_of_fire

Skill      XL: |  1  2  3  4  5  6  7  8  9 |
---------------+----------------------------+-----
Fighting       | 4 5 6 8 |  8.0
Long Blades    | 4 5 9 11 12 | 12.1
Armour         | 5 7 |  7.7
Dodging        | |  1.1
Invocations    | |  1.7

Action                   |  1- 3 |  4- 6 |  7- 9 || total
-------------------------+-------+-------+-------++-------
Melee: Falchion          |    96 |    72 |       ||   168
       Headbutt          |    16 |    16 |    37 ||    69
       Great sword       |       |    31 |   205 ||   236
  Use: Scroll            |       |       |     1 ||     1
       Potion            |       |       |     1 ||     1
Armor: Leather armour    |    19 |       |       ||    19
       Ring mail         |    18 |    23 |   128 ||   169
Dodge: Dodged            |    52 |    45 |   177 ||   274
Block: Other             |    14 |    26 |     7 ||    47
       Reflection        |       |     1 |       ||     1
       Rpst.: Falchion   |     9 |    14 |       ||    23
       Great sword       |       |     4 |    42 ||    46
